 Dungeon Crawl Stone Soup version 0.31-a0-523-g071a6c1ffa (webtiles) character file.

Game seed: 6458887074880566787

224 LeprechaunX the Ruffian (level 6, -5/41 HPs)
             Began as an Octopode Shapeshifter on Aug 12, 2023.
             Slain by a scorpion (7 damage)
             ... on level 4 of the Dungeon.
             The game lasted 00:03:06 (3002 turns).

LeprechaunX the Ruffian (Octopode Shapeshifter)     Turns: 3002, Time: 00:03:07

Health: -5/41      AC:  1    Str: 16    XL:     6   Next: 0%
Magic:  6/6        EV: 14    Int: 10    God:
Gold:   187        SH:  0    Dex: 13    Spells: 5/5 levels left

rFire   . .          .
                       - Unarmed
rCold   . . .        (no shield)
rNeg    . . .        (helmet currently unavailable)
rPois   .            (no amulet)
rElec   .            (no ring)
rCorr   .            (no ring)
SInv    .            (no ring)
Will    .....        (no ring)
Stlth   ++           (no ring)
HPRegen 0.26/turn    (no ring)
MPRegen 0.10/turn    (no ring)
                     (no ring)

%: no passive effects
@: brilliant, lethally poisoned (-5 -> -10), beast-form
A: beast (slay +2), almost no armour, amphibious, 8 rings, camouflage 1,
gelatinous body 1, (nimble swimmer 1), tentacles
a: Begin Untransformation


You were on level 4 of the Dungeon.
You were a hulking beast.
You visited 1 branch of the dungeon, and saw 4 of its levels.

You collected 187 gold pieces.

Inventory:

Hand Weapons
 s - the +6 morningstar "Pireb" {heavy, rN+}
   (You found it on level 4 of the Dungeon)

   rN+:       It protects you from negative energy.
Talismans
 b - a beast talisman (active)
 c - a flux talisman
Wands
 p - a wand of iceblast (8)
Scrolls
 d - 3 scrolls of amnesia {unknown}
 e - a scroll of teleportation {unknown}
 f - 4 scrolls of identify {unknown}
 g - a scroll of vulnerability {unknown}
 h - a scroll of poison {unknown}
 j - 3 scrolls of fear {unknown}
 k - a scroll of silence {unknown}
 m - a scroll of immolation {unknown}
 o - a scroll of acquirement {unknown}
Potions
 a - 2 potions of lignification
 l - a potion of heal wounds {unknown}
 n - a potion of cancellation {unknown}
 q - a potion of curing {unknown}
 r - a potion of haste {unknown}


   Skills:
 + Level 2.9 Fighting
 + Level 3.3 Dodging
 + Level 4.1 Unarmed Combat
 + Level 3.8 Shapeshifting


You had 5 spell levels left.
You didn't know any spells.
Your spell library contained the following spells:

 Spells                   Type           Power      Damage    Failure   Level
 Apportation              Tloc           0%         N/A       36%         1
 Foxfire                  Conj/Fire      0%         2x1d4     36%         1
 Necrotise                Necr           0%         1d4       36%         1
 Summon Small Mammal      Summ           0%         N/A       36%         1
 Cigotuvi's Dreadful Rot  Necr/Pois/Air  0%         N/A       50%         2
 Sublimation of Blood     Necr           0%         N/A       50%         2
 Wereblood                Tmut           0%         N/A       50%         2
 Dazzling Flash           Conj/Hex       0%         N/A       75%         3
 Ignite Poison            Fire/Tmut/Pois 0%         N/A       75%         3
 Vampiric Draining        Necr           0%         2d6       75%         3
 Volatile Blastmotes      Fire/Tloc      0%         2d10      75%         3
 Agony                    Necr           0%         N/A       100%        5
 Freezing Cloud           Conj/Ice/Air   0%         6-21      100%        5
 Plasma Beam              Fire/Air       0%         2x1d10    100%        6
 Starburst                Conj/Fire      0%         6d3       100%        6
 Summon Hydra             Summ           0%         N/A       100%        7
 Maxwell's Capacitive Co  Air            0%         ∞         100%        8


Dungeon Overview and Level Annotations

Branches:
Dungeon (4/15)
 Temple: D:4-7

Altars:
Fedhas
Kikubaaqudgha
Makhleb
Yredelemnul
The Shining One

Annotations:
D:4 3 runed translucent doors, javelincjr's ghost, amateur DsFi; randomguy2701's ghost, amateur OpVM


Innate Abilities, Weirdness & Mutations

You are a hulking beast.
Your limbs bulge with bestial killing power. (Slay +2)
You cannot wear most types of armour.
You are amphibious.
You can wear up to eight rings at the same time.
Your skin changes colour to match your surroundings (Stealth+).
Your rubbery body absorbs attacks. (AC +1, EV +1)
((You are camouflaged when in or above water. (Stealth+)))
You have tentacles for arms and can constrict up to eight enemies at once.


Message History

The endoplasm quivers.
The scorpion stings you.
You are poisoned.
The scorpion poisons you!
You barely miss the scorpion. Your grab misses the scorpion.
Your squeeze misses the scorpion.
You feel very sick. The scorpion closely misses you.
You bludgeon the scorpion! Your grab misses the scorpion.
The scorpion is moderately wounded.
You feel very sick.
The orc shouts!
The scorpion stings you!
You tentacle-slap the scorpion. Your grab misses the scorpion.
The scorpion is heavily wounded.
You feel sick. The scorpion stings you.
You bludgeon the scorpion! Your grab misses the scorpion.
Your squeeze misses the scorpion.
The scorpion is severely wounded.
You feel sick. The scorpion stings you!
* * * LOW HITPOINT WARNING * * *
You are lethally poisoned!
The scorpion poisons you! The endoplasm freezes you.
You are frozen.
* * * LOW HITPOINT WARNING * * *
The scorpion barely misses you.
* * * LOW HITPOINT WARNING * * *
You feel very sick.
* * * LOW HITPOINT WARNING * * *
You feel very sick.
You see here a fuming silvery potion.
* * * LOW HITPOINT WARNING * * *
You feel sick.
Unknown command.
It was a potion of brilliance.
You feel clever all of a sudden.
* * * LOW HITPOINT WARNING * * *
You feel sick. The scorpion stings you!
You die...

.......#.# #.)....##...#
......P#.## ##.##.#.##.#.#
......⌠#..## ##.###.# ##.#.##
W.....P#...###......# #.†#..#
#+++####..#....########.###.##
.........#####.# ###..# #..###
......#..# #.#####...## ##...##
...####..########....###...###)..
.### #.........hJ..o....8.. ####
## ##.########s...###...###... #
#.# #..####...# ##...## # #.#
#.)# ###..# #..### # #.# #..#
#.###.## # #.# #..# ..#..# # #..#
#..# #.#.## # #.## ###..# #.#.# #
#.# #....# #...#


You could see a scorpion, an orc and an endoplasm.

Vanquished Creatures
  2 jellies
  An iguana (D:4)
  6 gnolls
  A dart slug (D:2)
  2 orcs
  9 endoplasms
  4 giant cockroaches
  6 goblins
  5 hobgoblins
  7 jackals (D:2)
  4 quokkas
  7 ball pythons
  10 bats
  2 frilled lizards
  4 kobolds
  4 rats
74 creatures vanquished.

Notes
Turn   | Place    | Note
-------+----------+-------------------------------------------
     0 | D:1      | LeprechaunX the Octopode Shapeshifter began the quest for
                  | the Orb.
     0 | D:1      | Reached XP level 1. HP: 13/13 MP: 1/1
   185 | D:1      | Reached XP level 2. HP: 17/18 MP: 2/2
   655 | D:2      | Reached XP level 3. HP: 17/23 MP: 3/3
   811 | D:2      | Reached XP level 4. HP: 18/29 MP: 4/4
  1540 | D:3      | Reached XP level 5. HP: 28/35 MP: 5/5
  2176 | D:3      | Found a burning altar of Makhleb.
  2567 | D:4      | Reached skill level 4 in Unarmed Combat
  2605 | D:4      | Found a runed translucent gate.
  2605 | D:4      | Found a runed translucent gate.
  2605 | D:4      | Found a runed translucent gate.
  2611 | D:4      | Noticed javelincjr's ghost (amateur DsFi)
  2612 | D:4      | Noticed randomguy2701's ghost (amateur OpVM)
  2632 | D:4      | Found an ancient bone altar of Kikubaaqudgha.
  2632 | D:4      | Found a blossoming altar of Fedhas.
  2655 | D:4      | Found a glowing golden altar of the Shining One.
  2817 | D:4      | Found a basalt altar of Yredelemnul.
  2967 | D:4      | Reached XP level 6. HP: 41/41 MP: 6/6
  2992 | D:4      | Identified the +6 morningstar "Pireb" {heavy, rN+}
  3001 | D:4      | HP: 2/41 [poisoned by a scorpion]
  3002 | D:4      | Slain by a scorpion

Illustrated notes

Levels and vault maps discovered:
D:1:      lightli_arrival_isolated_outpost, layout_basic
D:2:      layout_basic
D:3:      layout_basic, lightli_temple_of_fire, st_stairs_1,
          minmay_misc_feat_chi, kennysheep_doodads
D:4:      minmay_general_purpose_star, layout_loops_ring,
          grunt_temple_overflow_growth_and_decay, mainiacjoe_overflow_alcove_2,
          tso_metal_star, serial_shops, nicolae_shop_tiny_real_fake_doors,
          gammafunk_ghost_cemetery

Skill      XL: |  1  2  3  4  5 |
---------------+----------------+-----
Fighting       | 2 |  2.9
Dodging        | 3 |  3.3
Unarmed Combat | 4 |  4.1
Shapeshifting  | |  3.8

Action                     |  1- 3 |  4- 6 || total
---------------------------+-------+-------++-------
  Melee: Unarmed           |    55 |    85 ||   140
         Constrict         |    13 |    20 ||    33
         Tentacles         |    13 |    15 ||    28
         Punch             |       |     2 ||     2
    Use: Potion            |       |     1 ||     1
   Stab: Sleeping          |     5 |     7 ||    12
 Armour: Skin              |     3 |    10 ||    13
  Dodge: Dodged            |    31 |    53 ||    84

Table legend: (Time is in decaauts)
 A = Elapsed time spent in this place.
 B = Non-inter-level travel time spent in this place.
 C = Inter-level travel time spent in this place.
 D = Time resting spent in this place.
 E = Time spent auto-exploring this place.
 F = Levels seen in this place.
 G = Mean time per level.
                   A        B        C        D        E       F      G
               +--------+--------+--------+--------+--------+-----+--------+
         Total |   2992 |   2910 |     82 |    104 |   2328 |   4 |  748.0 |
       Dungeon |   2992 |   2910 |     82 |    104 |   2328 |   4 |  748.0 |
               +--------+--------+--------+--------+--------+-----+--------+

Top non-repeatable levels by time:
     D:3: 1171 daAuts
     D:2: 762 daAuts
     D:1: 577 daAuts
     D:4: 480 daAuts
